 Dungeon Crawl Stone Soup version 0.30-a0-694-g3340775977 (webtiles) character file.

Game seed: 15743131685612253163

16 Alitron123 the Trooper (level 2, 0/30 HPs)
             Began as a Gargoyle Berserker on Jan 20, 2023.
             Was a Follower of Trog.
             Slain by a kobold
             ... wielding a +0 whip
              (2 damage)
             ... on level 2 of the Dungeon.
             The game lasted 00:01:10 (1033 turns).

Alitron123 the Trooper (Gargoyle Berserker)         Turns: 1033, Time: 00:01:11

Health: 0/30       AC:  9    Str: 20    XL:     2   Next: 54%
Magic:  2/2        EV:  5    Int:  7    God:    Trog [*.....]
Gold:   64         SH:  9    Dex:  9    Spells: 1/1 levels left

rFire   . . .      SeeInvis .    k - +2 dagger (freeze)
rCold   . . .      Faith    .    i - +0 tower shield
rNeg    + . .      Spirit   .    d - +0 scale mail
rPois   ∞          Reflect  .    (no helmet)
rElec   +          Harm     .    (no cloak)
rCorr   .          Rampage  .    (no gloves)
Will    .....                    (no boots) Stlth
                                 (no amulet)
HPRegen 0.25/turn                (no ring)
MPRegen 0.08/turn                (no ring)

@: berserking (expiring), slowed
A: sickness immunity, AC +2, negative energy resistance 1, electricity
resistance, torment resistance 1, petrification resistance
a: Renounce Religion, Berserk


You were on level 2 of the Dungeon.
You worshipped Trog.
Trog was aware of your devotion.
You visited 1 branch of the dungeon, and saw 2 of its levels.

You collected 64 gold pieces.

Inventory:

Hand Weapons
 a - a +0 mace
 k - a +2 dagger of freezing (weapon)
Armour
 d - a +0 scale mail (worn)
 i - a +0 tower shield (worn)
Scrolls
 c - a scroll of teleportation {unknown}
 e - a scroll of magic mapping {unknown}
 f - a scroll of immolation {unknown}
Potions
 b - a potion of curing {unknown}
 g - a potion of haste {unknown}
 h - a potion of magic {unknown}
 j - 2 potions of ambrosia {unknown}


   Skills:
 + Level 3.7 Fighting
 + Level 3.3 Maces & Flails
 + Level 2.3 Armour
 + Level 1.7 Dodging


You had one spell level left.
You didn't know any spells.
Your spell library was empty.

Dungeon Overview and Level Annotations

Branches:
Dungeon (2/15)

Altars:

Annotations:
D:2 Jessica


Innate Abilities, Weirdness & Mutations

You are immune to sickness and miasma.
Your stone body is resilient. (AC +2)
You are immune to poison.
You resist negative energy. (rN+)
You are resistant to electric shocks. (rElec)
You are resistant to unholy torment.
You are immune to petrification.


Message History

You block Jessica's attack.
You hit the ball python. You freeze the ball python.
You kill the ball python!
Trog accepts your kill. The kobold barely misses you.
The goblin barely misses you. Jessica completely misses you.
The kobold hits you but does no damage. You block the goblin's attack.
Jessica hits you with a +0 dagger.
A red film seems to cover your vision as you go berserk!
You feel yourself moving faster!
You feel mighty! The kobold hits you but does no damage.
The goblin completely misses you.
Jessica casts a spell.
Jessica blinks!
You block the kobold's attack. The goblin hits you but does no damage.
Jessica gestures wildly while chanting.
Jessica seems to speed up.
You hit the rat. You freeze the rat.
You kill the rat!
Trog accepts your kill.
The kobold hits you but does no damage. x2; The goblin hits you with a +0 club.
Jessica casts a spell at you. Pain shoots through your body!
You closely miss the kobold. The kobold hits you but does no damage.
The kobold completely misses you. The goblin hits you but does no damage.
Jessica casts a spell.
Jessica blinks!
You block the kobold's attack. The kobold hits you but does no damage.
You block the goblin's attack.
You barely miss the kobold.
A bat comes into view.
The kobold hits you with a +0 short sword.
* * * LOW HITPOINT WARNING * * *
The kobold hits you with a +0 whip.
* * * LOW HITPOINT WARNING * * *
The goblin hits you with a +0 club.
* * * LOW HITPOINT WARNING * * *
You barely miss the kobold. Jessica completely misses you.
You block the kobold's attack. The kobold hits you with a +0 whip.
* * * LOW HITPOINT WARNING * * *
The goblin hits you but does no damage. You block Jessica's attack.
The goblin completely misses you. The kobold hits you with a +0 whip.
You die...

####
######...(
..∩..∩..∩.
.!.......
.........
#####...♣..∩.
##....KK......
#..##.@@......
#...<#♣g.8....
#.#### ..b....
.......
..∩..8.
.......
.......
.....♣.


You could see Jessica (fast), a goblin, a bat and 2 kobolds.

Vanquished Creatures
  A dart slug (D:1)
  3 ball pythons
  An endoplasm (D:1)
  A hobgoblin (D:1)
  2 quokkas (D:1)
  A bat (D:1)
  2 frilled lizards (D:1)
  2 kobolds (D:1)
  2 rats
15 creatures vanquished.

Notes
Turn   | Place    | Note
-------+----------+-------------------------------------------
     0 | D:1      | Alitron123 the Gargoyle Berserker began the quest for the
                  | Orb.
     0 | D:1      | Reached XP level 1. HP: 14/14 MP: 1/1
   355 | D:1      | Reached XP level 2. HP: 18/19 MP: 2/2
  1023 | D:2      | Noticed Jessica
  1033 | D:2      | Slain by a kobold

Illustrated notes

Levels and vault maps discovered:
D:1:      lemuel_arrival_river_ford, layout_loops_ring
D:2:      layout_basic, hellmonk_ecumenical_altar_arch_garden, uniq_terence,
          uniq_jessica

Action                   || total
-------------------------++-------
Melee: Mace              ||    27
       Dagger            ||     8
Invok: Berserk           ||     1
Armor: Scale mail        ||    22
       Animal skin       ||     1
Dodge: Dodged            ||    23
Block: Tower shield      ||    10

Table legend: (Time is in decaauts)
 A = Elapsed time spent in this place.
 B = Non-inter-level travel time spent in this place.
 C = Inter-level travel time spent in this place.
 D = Time resting spent in this place.
 E = Time spent auto-exploring this place.
 F = Levels seen in this place.
 G = Mean time per level.
                   A        B        C        D        E       F      G
               +--------+--------+--------+--------+--------+-----+--------+
         Total |   1052 |    898 |    154 |      0 |    762 |   2 |  526.0 |
       Dungeon |   1052 |    898 |    154 |      0 |    762 |   2 |  526.0 |
               +--------+--------+--------+--------+--------+-----+--------+

Top non-repeatable levels by time:
     D:1: 1036 daAuts
     D:2: 15 daAuts
